 Dungeon Crawl Stone Soup version 0.29-a0-321-gf1c400731a (webtiles) character file.

Game seed: 15942573005269957710

468 kae the Firebug (level 7, -2/40 HPs)
             Began as a Tengu Fire Elementalist on Apr 4, 2022.
             Succumbed to an orc wizard's poison
             ... on level 4 of the Dungeon.
             The game lasted 00:04:14 (4673 turns).

kae the Firebug (Tengu Fire Elementalist)           Turns: 4673, Time: 00:04:14

Health: -2/40      AC:  7    Str:  5 (8)  XL:     7   Next: 8%
Magic:  10/12      EV: 19    Int: 15 (17) God:
Gold:   69         SH:  0    Dex: 14 (15) Spells: 6/12 levels left

rFire   . . .      SeeInvis .   u - +1 dagger (vamp)
rCold   . . .      Faith    .   (no shield)
rNeg    . . .      Spirit   .   a - +0 robe
rPois   .          Reflect  .   (helmet restricted)
rElec   .          Harm     .   (no cloak)
rCorr   .          Rampage  .   l - +0 pair of gloves
Will    .....                   (boots unavailable)
Stlth   ++........              (no amulet)
HPRegen 0.13/turn               m - +4 ring of protection
MPRegen 0.13/turn               r - +4 ring of evasion

@: brilliant, lethally poisoned (-2 -> -24), attractive, flying quickly and
evasively, quick
A: beak, talons 3, nimble flight
a: no special abilities


You were on level 4 of the Dungeon.
You visited 1 branch of the dungeon, and saw 4 of its levels.

You collected 69 gold pieces.

Inventory:

Hand Weapons
 c - a +0 short sword
 u - a +1 vampiric dagger (weapon)
Missiles
 e - a throwing net
Armour
 a - a +0 robe (worn)
 l - a +0 pair of gloves (worn)
Jewellery
 j - an amulet of faith
 m - a +4 ring of protection (left hand)
 p - a ring of protection from fire
 r - a +4 ring of evasion (right hand)
Wands
 b - a wand of flame (18)
 i - a wand of mindburst (10)
Scrolls
 d - a scroll of magic mapping
 w - a scroll of fog
Potions
 g - a potion of haste
 h - 3 potions of mutation
 k - a potion of flight
 n - a potion of might
 s - a potion of brilliance


   Skills:
 + Level 2.4 Fighting
 + Level 2.7 Armour
 + Level 3.4 Dodging
 - Level 2.0 Stealth
 + Level 3.1 Spellcasting
 + Level 3.5 Conjurations
 * Level 5.3 Fire Magic


You had 6 spell levels left.
You knew the following spells:

 Your Spells              Type           Power      Damage    Failure   Level
a - Foxfire               Conj/Fire      92%        2x1d8     3%          1
b - Scorch                Fire           54%        2d8       3%          2
c - Conjure Flame         Conj/Fire      23%        6-21      10%         3

Your spell library contained the following spells:

 Spells                   Type           Power      Damage    Failure   Level
 Inner Flame              Hex/Fire       15%        N/A       21%         3
 Dazzling Flash           Conj/Hex       22%        N/A       28%         3
 Flame Wave               Conj/Fire      23%        2d7       30%         4
 Confusing Touch          Hex            3%         N/A       52%         3
 Portal Projectile        Hex/Tloc       6%         N/A       52%         3
 Iskenderun's Mystic Bla  Conj/Tloc      11%        2d4       67%         4
 Leda's Liquefaction      Hex/Erth       1%         N/A       89%         4
 Silence                  Hex/Air        1%         N/A       99%         5
 Yara's Violent Unravell  Hex/Tmut       1%         3d3       99%         5
 Starburst                Conj/Fire      11%        6d5       99%         6
 Enfeeble                 Hex            1%         N/A       100%        7


Dungeon Overview and Level Annotations

Branches:
Dungeon (4/15)
 Temple: D:4-7

Altars:
Fedhas
Lugonu

Shops:
D:2 !

Portals:
Abyss: D:4

Annotations:
D:4 2 runed translucent doors


Innate Abilities, Weirdness & Mutations

You have a beak for a mouth.
You have claws for feet.
Your magical nature lets you fly swiftly and evasively.


Message History

The orc hits you but does no damage.
You miss something. Your peck misses something.
You feel very sick. Something hits you but does no damage.
You are more poisoned.
The orc misses you.
Okay, then.
It was a potion of heal wounds.
You feel much better.
You feel very sick. Something hits you.
You are more poisoned.
The orc hits you with a +0 club.
You hit something but do no damage. Your kick misses something.
You feel very sick. Something hits you. The orc barely misses you.
It was a potion of brilliance.
You feel clever all of a sudden.
You feel very sick. Something hits you but does no damage.
You are more poisoned.
The orc closely misses you.
It was a potion of attraction.
You feel attractive to monsters.
* * * LOW HITPOINT WARNING * * *
You feel very sick. Something hits you.
* * * LOW HITPOINT WARNING * * *
You are more poisoned.
The orc completely misses you.
As you read the scroll labelled COMUMEPITA, it crumbles to dust.
You speak a Word of immense power!
It was a scroll of holy word.
* * * LOW HITPOINT WARNING * * *
You feel very sick. Something hits you.
* * * LOW HITPOINT WARNING * * *
The orc priest begins to cast a cantrip, but forgets the words!
The orc misses you.
As you read the scroll labelled HOKUIPPYAL, it crumbles to dust.
The scroll dissolves into smoke.
It was a scroll of fog.
You die...

#.# #.#
#.# #.#
#.# #.# #
#ยง#
#####o#{#
.....oo@#
#####o###
... ..#.
## #. .
.#


You could see an orc priest and 3 orcs.

Vanquished Creatures
  A water moccasin (D:4)
  A scorpion (D:3)
  2 orc priests (D:3)
  Jessica (D:3)
  Robin (D:3)
  6 gnolls
  5 adders
  A worm (D:3)
  2 dart slugs
  5 orcs
  7 endoplasms
  3 giant cockroaches
  15 goblins
  6 hobgoblins
  4 jackals (D:2)
  7 quokkas
  5 ball pythons
  4 bats
  4 frilled lizards
  5 kobolds
  10 rats
95 creatures vanquished.

Vanquished Creatures (others)
  201 foxfires
201 creatures vanquished.

Grand Total: 296 creatures vanquished

Notes
Turn   | Place    | Note
-------+----------+-------------------------------------------
     0 | D:1      | kae the Tengu Fire Elementalist began the quest for the
                  | Orb.
     0 | D:1      | Reached XP level 1. HP: 10/10 MP: 4/4
   146 | D:1      | Reached XP level 2. HP: 12/15 MP: 1/6
   897 | D:1      | Reached XP level 3. HP: 20/20 MP: 5/7
   956 | D:1      | Got the Handbook of Enthralling Feathers
  1045 | D:2      | Reached skill level 1 in Armour
  1306 | D:2      | Found a blossoming altar of Fedhas.
  1308 | D:2      | Reached skill level 4 in Fire Magic
  1537 | D:2      | Reached skill level 1 in Fighting
  1537 | D:2      | Reached XP level 4. HP: 25/25 MP: 6/8
  1813 | D:2      | Found Leddaqut's Distillery.
  1918 | D:2      | Learned a level 2 spell: Scorch
  1922 | D:2      | Learned a level 3 spell: Conjure Flame
  2362 | D:3      | Noticed a scorpion
  2686 | D:3      | Gained mutation: Your magical nature lets you fly swiftly
                  | and evasively. [Tengu growth]
  2686 | D:3      | Reached XP level 5. HP: 14/29 MP: 3/9
  3147 | D:3      | Found a faded altar of an unknown god.
  3315 | D:3      | Noticed Jessica
  3335 | D:3      | Killed Jessica
  3346 | D:3      | Reached XP level 6. HP: 23/35 MP: 3/11
  3573 | D:3      | Noticed Robin
  3615 | D:3      | Killed Robin
  3616 | D:3      | Reached skill level 5 in Fire Magic
  3943 | D:4      | Found a one-way gate to the infinite horrors of the Abyss.
  4224 | D:4      | Noticed a water moccasin
  4234 | D:4      | Killed a water moccasin
  4235 | D:4      | Reached XP level 7. HP: 35/40 MP: 7/12
  4421 | D:4      | Found a large runed translucent door.
  4421 | D:4      | Found a large runed translucent door.
  4422 | D:4      | Found a corrupted altar of Lugonu.
  4673 | D:4      | Succumbed to an orc wizard's poison

Illustrated notes

Levels and vault maps discovered:
D:1:      wander_arrival_lonely_grave, layout_basic
D:2:      layout_loops_corners, basic_altar, serial_shops,
          nicolae_shop_temple_entry_statues_fountains
D:3:      layout_basic, hellmonk_ecumenical_altar_pennies_from_heaven,
          dk_noncrumbling_3, uniq_jessica, uniq_robin
D:4:      due_chaos_kobolds, layout_basic

Skill      XL: |  1  2  3  4  5  6 |
---------------+-------------------+-----
Armour         | 1 2 |  2.7
Fire Magic     | 4 5 |  5.3
Conjurations   | 2 3 |  3.5
Fighting       | 1 2 |  2.4
Dodging        | 3 |  3.4
Spellcasting   | 3 |  3.1
Stealth        | |  2.0

Action                   |  1- 3 |  4- 6 |  7- 9 || total
-------------------------+-------+-------+-------++-------
Melee: Unarmed           |     3 |       |       ||     3
       Kick              |    12 |     7 |     7 ||    26
       Short sword       |    37 |    25 |       ||    62
       Peck              |     2 |     1 |     4 ||     7
       Dagger            |       |     8 |    20 ||    28
       Punch             |       |       |     1 ||     1
 Cast: Foxfire           |    54 |    60 |    11 ||   125
       Scorch            |       |    22 |     4 ||    26
       Conjure Flame     |       |     1 |       ||     1
  Use: Scroll            |     5 |     2 |     2 ||     9
       Potion            |       |     4 |     4 ||     8
 Stab: Sleeping          |     1 |     2 |       ||     3
Armor: Robe              |    11 |    25 |     7 ||    43
       Skin              |       |    67 |       ||    67
Dodge: Dodged            |    32 |    51 |    27 ||   110

Table legend: (Time is in decaauts)
 A = Elapsed time spent in this place.
 B = Non-inter-level travel time spent in this place.
 C = Inter-level travel time spent in this place.
 D = Time resting spent in this place.
 E = Time spent auto-exploring this place.
 F = Levels seen in this place.
 G = Mean time per level.
                   A        B        C        D        E       F      G
               +--------+--------+--------+--------+--------+-----+--------+
         Total |   4589 |   4526 |     63 |    170 |   3568 |   4 | 1147.2 |
       Dungeon |   4589 |   4526 |     63 |    170 |   3568 |   4 | 1147.2 |
               +--------+--------+--------+--------+--------+-----+--------+

Top non-repeatable levels by time:
     D:2: 1439 daAuts
     D:3: 1386 daAuts
     D:1: 1015 daAuts
     D:4: 747 daAuts
